 Dungeon Crawl Stone Soup version 0.29.1-13-g9f3cf754e1 (webtiles) character file.

Game seed: 6630759498324848023

10543 hawla the Thaumaturge (level 12, -3/91 HPs)
             Began as a Meteoran Ice Elementalist on Jan 22, 2023.
             Was a Priest of Vehumet.
             Slain by an orc warrior
             ... wielding a +0 mace
              (21 damage)
             ... on level 2 of the Orcish Mines.
             The game lasted 00:21:10 (4881 turns).

hawla the Thaumaturge (Meteoran Ice Elementalist)   Turns: 4881, Time: 00:21:12

Health: -3/91      AC: 14    Str: 10    XL:     12   Next: 21%
Magic:  30/37      EV: 15    Int: 30    God:    Vehumet [***...]
Gold:   909        SH:  4    Dex: 16    Spells: 19/34 levels left

rFire   . . .      SeeInvis .   n - +7 falchion of Checks and Balances {flame, MP+9 Int+3}
rCold   . . .      Faith    .   (no shield)
rNeg    . . .      Spirit   .   p - +2 steam dragon scales
rPois   +          Reflect  .   d - +0 helmet
rElec   .          Harm     .   h - +0 cloak
rCorr   .          Rampage  .   m - +1 pair of gloves
Will    +....                   r - +2 pair of boots {Fly}
Stlth   +.........              b - amulet of regeneration
HPRegen 1.05/turn               c - +6 ring of intelligence
MPRegen 0.25/turn               f - ring of poison resistance

@: about to teleport, flying, glowing
A: sense surroundings 2, otherworldly, glowing, explore regen, large bone plates
1, evolution 1
a: Renounce Religion


You were on level 2 of the Orcish Mines.
You worshipped Vehumet.
Vehumet was most pleased with you.
You visited 3 branches of the dungeon, and saw 12 of its levels.

You collected 909 gold pieces.

Inventory:

Hand Weapons
 n - the +7 falchion of Checks and Balances (weapon) {flame, MP+9 Int+3}
   (You found it on level 4 of the Dungeon)

   It burns those it strikes, dealing additional fire damage.
   Big, fiery blades are also staple armaments of hydra-hunters.
   Int:       It affects your intelligence (+3).
   MP:        It affects your magic capacity (+9).
Armour
 d - a +0 helmet (worn)
 h - a +0 cloak (worn)
 m - a +1 pair of gloves (worn)
 p - +2 steam dragon scales (worn)
 r - a +2 pair of boots of flying (worn)
Jewellery
 b - an amulet of regeneration (around neck)
 c - a +6 ring of intelligence (left hand)
 e - a +6 ring of intelligence
 f - a ring of poison resistance (right hand)
Wands
 g - a wand of paralysis (21) (quivered)
 u - a wand of roots (10)
 y - a wand of flame (10)
 z - a wand of polymorph (5)
Scrolls
 o - a scroll of enchant weapon {unknown}
 q - 4 scrolls of teleportation
 v - a scroll of magic mapping {unknown}
 w - 2 scrolls of identify
 x - a scroll of poison
Potions
 a - 3 potions of might {unknown}
 i - 3 potions of haste
 j - 2 potions of curing {unknown}
 k - a potion of magic
 l - 2 potions of brilliance {unknown}


   Skills:
 + Level 4.2 Fighting
 + Level 6.0 Long Blades
 + Level 5.8 Dodging
 - Level 1.4 Stealth
 + Level 11.8 Spellcasting
 + Level 7.7 Conjurations
 + Level 5.4 Transmutations
 + Level 11.7 Ice Magic
 + Level 3.0 Evocations


You had 19 spell levels left.
You knew the following spells:

 Your Spells              Type           Power      Damage    Failure   Level
a - Freeze                Ice            100%       1d11      0%          1
b - Frozen Ramparts       Ice            100%       1d16      1%          3
c - Hailstorm             Conj/Ice       66%        3d14      1%          4
d - Blink                 Tloc           36%        N/A       4%          2
e - Irradiate             Conj/Tmut      27%        3d20      1%          5

Your spell library contained the following spells:

 Spells                   Type           Power      Damage    Failure   Level
 Mephitic Cloud           Conj/Pois/Air  33%        N/A       1%          3
 Magic Dart               Conj           100%       1d8       1%          1
 Sandblast                Erth           34%        2d9       1%          1
 Passwall                 Tmut/Erth      28%        N/A       1%          2
 Wereblood                Tmut           50%        N/A       1%          2
 Ozocubu's Armour         Ice            73%        N/A       1%          3
 Stone Arrow              Conj/Erth      82%        3d12      1%          3
 Ice Form                 Ice/Tmut       62%        N/A       1%          4
 Summon Ice Beast         Ice/Summ       52%        N/A       2%          4
 Lesser Beckoning         Tloc           18%        N/A       9%          3
 Corpse Rot               Necr/Pois/Air  17%        N/A       28%         4
 Manifold Assault         Tloc           18%        N/A       61%         5
 Storm Form               Tmut/Air       17%        N/A       100%        7


Dungeon Overview and Level Annotations

Branches:
Dungeon (9/15) Zot: 887    Temple (1/1) D:6 Zot: 514     Orc (2/2) D:9 Zot: 894
   Lair: D:8-11         Elf: Orc:2

Altars:
Ashenzari
Cheibriados
Dithmenos
Elyvilon
Fedhas
Gozag
Hepliaklqana
Kikubaaqudgha
Nemelex Xobeh
Okawaru
Qazlal
Ru
Sif Muna
Uskayaw
Vehumet
Wu Jian
Xom
Yredelemnul
Zin
The Shining One

Annotations:
Orc:2 Saint Roka


Innate Abilities, Weirdness & Mutations

You passively map the area around you.
You are easily found by Zot.
You glow in the dark.
You regain HP and MP as you explore.
You are partially covered in large bone plates. (SH +4)
You have hidden genetic potential.


Message History

Press: ? - help, Dir - look around, f - activate A cannonade of hail descends around you!
The hail pelts the orc high priest!!
You kill the orc high priest!
Vehumet accepts your kill.
You feel your power returning.
The frozen ramparts melt away as you move.
An orc wizard and an orc come into view.
The orc wizard shouts!
The orc shouts!
You hear a shout! x3
Saint Roka invokes the aid of Beogh against you.
Beogh smites you!
The orc knight roars a battlecry!
The orcs go into a battle-frenzy!
An orc warrior comes into view. It is wielding a +0 scimitar.
An orc wizard comes into view. It is wielding a +0 dagger.
An orc comes into view. It is wielding a +0 dagger.
An orc comes into view. It is wielding a +4 vampiric dagger.
An orc warrior comes into view. It is wielding a +0 war axe.
You hear a shout! x2
Unknown command.
As you read the scroll of teleportation, it crumbles to dust.
You feel strangely unstable.
The orc wizard shouts!
The orc warrior shouts!
You hear a shout!
Saint Roka mumbles some strange prayers to Beogh against you.
Beogh smites you!
An orc priest comes into view. It is wielding a +0 mace.
The orc knight roars a battlecry!
An orc priest comes into view. It is wielding a +0 dagger.
The orc warrior hits you with a +0 mace!
You hear a shout!
The orc knight attacks as you move away!
The orc knight hits you with a +0 great sword!!
The orc knight attacks as you move away!
The orc knight hits you with a +0 great sword!!
* * * LOW HITPOINT WARNING * * *
The orc wizard gestures wildly while chanting.
The orc wizard flickers and vanishes!
Deactivating autopickup; reactivate with Ctrl-A.
The orc warrior hits you with a +0 mace!!
You die...

##.....................)))#...
##...................<.....##..
#.#.........................).###
.............................####
#.##..#....#................)))..
#^ #.###.......^............)....
,......#........................
.#$$..........................#.
# ...#.......#..@...)..#.#.....##
##.###.###..#.^ooo....#.#.......
## .. #.....o)).............. *
*####..#..o..##.####.... ,
####8o..8#### ∩ .... , * #.o...#
, ,*.... ,, , #o.o{o# *.... , ,
#T.o.o# ,, ... ,, ......o. , ,.$


You could see Saint Roka (strong), an orc knight, a troll, 5 orc warriors, an
orc priest (strong), an orc wizard (strong) and 3 orcs.

Vanquished Creatures
  An orc warlord (Orc:1)
  Snorg (Orc:1)
  A two-headed ogre (D:9)
  An orc high priest (Orc:2)
  Joseph (D:7)
  Maggie (D:7)
  A troll (Orc:2)
  Prince Ribbit (D:5)
  Sigmund (D:2)
  A wyvern (D:9)
  15 yaks
  A steam dragon (D:6)
  2 wargs (Orc:1)
  An acid dragon (D:8)
  Duvessa (D:6)
  9 orc warriors
  2 ice beasts
  A swamp drake (D:9)
  4 ogres
  A centaur (D:8)
  3 bullfrogs
  A necrophage (D:4)
  A gnoll sergeant (D:7)
  Dowan (D:6)
  4 wights (D:7)
  10 killer bees
  3 howler monkeys
  2 electric eels (D:9)
  2 hounds (D:5)
  9 orc priests
  A jelly (D:5)
  2 iguanas
  14 orc wizards
  9 gnolls
  10 adders
  2 shadow imps
  2 white imps (D:7)
  2 ufetubi (D:4)
  A worm (D:5)
  58 orcs
  4 ball pythons
  3 endoplasms
  3 giant cockroaches
  11 goblins
  12 hobgoblins
  7 bats
  A frilled lizard (D:1)
  6 kobolds
  2 rats (D:1)
233 creatures vanquished.

Vanquished Creatures (others)
  6 plants (D:5)
6 creatures vanquished.

Grand Total: 239 creatures vanquished

Notes
Turn   | Place    | Note
-------+----------+-------------------------------------------
     0 | D:1      | hawla the Meteoran Ice Elementalist began the quest for the
                  | Orb.
     0 | D:1      | Reached XP level 1. HP: 14/14 MP: 5/5
    77 | D:1      | Reached XP level 2. HP: 20/20 MP: 4/6
   104 | D:1      | Found a faded altar of an unknown god.
   159 | D:2      | Reached skill level 5 in Ice Magic
   159 | D:2      | Reached XP level 3. HP: 26/26 MP: 4/8
   163 | D:2      | Learned a level 3 spell: Frozen Ramparts
   246 | D:2      | Reached XP level 4. HP: 33/33 MP: 3/9
   251 | D:2      | Learned a level 4 spell: Hailstorm
   270 | D:2      | Noticed Sigmund
   276 | D:2      | Gained mutation: You occasionally lose the ability to read
                  | scrolls when taking damage. [potion of mutation]
   276 | D:2      | Gained mutation: You possess an exceptional clarity of
                  | mind. [potion of mutation]
   276 | D:2      | Gained mutation: You passively map the area around you.
                  | [potion of mutation]
   280 | D:2      | Killed Sigmund
   281 | D:2      | Reached XP level 5. HP: 18/38 MP: 1/10
   281 | D:2      | Reached XP level 6. HP: 21/45 MP: 1/11
   318 | D:2      | Reached skill level 5 in Conjurations
   370 | D:2      | Identified the +1 leather armour "Urphomeo" {Contam rPois
                  | SInv}
   655 | D:4      | Noticed an ogre
   664 | D:4      | Killed an ogre
   674 | D:4      | Reached XP level 7. HP: 50/50 MP: 1/13
   953 | D:4      | Identified the +7 falchion of Checks and Balances {flame,
                  | MP+9 Int+3}
  1136 | D:5      | Entered Level 5 of the Dungeon
  1181 | D:5      | Found a broken altar of Ashenzari.
  1218 | D:5      | Noticed a yak
  1218 | D:5      | Noticed a yak
  1219 | D:5      | Noticed a yak
  1226 | D:5      | Killed a yak
  1227 | D:5      | Reached skill level 1 in Fighting
  1227 | D:5      | Reached skill level 5 in Spellcasting
  1227 | D:5      | Reached XP level 8. HP: 49/59 MP: 13/17
  1227 | D:5      | Killed a yak
  1228 | D:5      | Reached skill level 1 in Long Blades
  1235 | D:5      | Killed a yak
  1240 | D:5      | Noticed Prince Ribbit
  1254 | D:5      | Killed Prince Ribbit
  1255 | D:5      | Mutation became permanent: You passively map a small area
                  | around you. [Meteoran growth]
  1255 | D:5      | Gained mutation: You passively map the area around you.
                  | [Meteoran growth]
  1255 | D:5      | Reached XP level 9. HP: 64/64 MP: 13/20
  1465 | D:5      | Found a shadowy altar of Dithmenos.
  1936 | D:5      | Learned a level 2 spell: Blink
  2095 | D:6      | Noticed Duvessa
  2095 | D:6      | Noticed Dowan
  2099 | D:6      | Killed Dowan
  2104 | D:6      | Killed Duvessa
  2148 | D:6      | Found a staircase to the Ecumenical Temple.
  2154 | Temple   | Entered the Ecumenical Temple
  2628 | D:6      | Found a stormy altar of Qazlal.
  2887 | D:7      | Noticed Joseph
  2897 | D:7      | Killed Joseph
  2954 | D:7      | Noticed Maggie
  2965 | D:7      | Killed Maggie
  2966 | D:7      | Reached XP level 10. HP: 49/73 MP: 22/24
  3076 | D:7      | Reached skill level 10 in Ice Magic
  3387 | D:7      | Found a radiant altar of Vehumet.
  3395 | D:7      | Became a worshipper of Vehumet
  3431 | D:8      | Reached skill level 10 in Spellcasting
  3454 | D:8      | Reached skill level 1 in Evocations
  3589 | D:8      | Reached * piety under Vehumet
  3589 | D:8      | Offered knowledge of Foxfire by Vehumet.
  3592 | D:8      | Reached XP level 11. HP: 82/82 MP: 11/26
  3773 | D:8      | Got Niqot's Enchiridion on Transfiguration and Vitiation
  3953 | D:9      | Noticed a two-headed ogre
  3958 | D:9      | Killed a two-headed ogre
  3998 | D:9      | Reached skill level 5 in Long Blades
  4098 | D:9      | Found an ornate altar of the Wu Jian Council.
  4103 | D:9      | Found an ancient bone altar of Kikubaaqudgha.
  4528 | D:9      | Offered knowledge of Magic Dart by Vehumet.
  4528 | D:9      | Reached ** piety under Vehumet
  4529 | D:9      | Found a staircase to the Orcish Mines.
  4547 | D:9      | Lost mutation: You possess an exceptional clarity of mind.
                  | [potion of mutation]
  4547 | D:9      | Lost mutation: You occasionally lose the ability to read
                  | scrolls when taking damage. [potion of mutation]
  4547 | D:9      | Gained mutation: You are partially covered in large bone
                  | plates. (SH +4) [potion of mutation]
  4547 | D:9      | Gained mutation: You have hidden genetic potential. [potion
                  | of mutation]
  4563 | D:9      | Learned a level 1 spell: Magic Dart
  4570 | D:9      | Learned a level 5 spell: Irradiate
  4576 | Orc:1    | Entered Level 1 of the Orcish Mines
  4576 | Orc:1    | Noticed an orc warlord
  4580 | Orc:1    | Reached skill level 1 in Transmutations
  4581 | Orc:1    | Found a shimmering altar of Xom.
  4592 | Orc:1    | Offered knowledge of Mephitic Cloud by Vehumet.
  4593 | Orc:1    | Killed an orc warlord
  4594 | Orc:1    | Reached skill level 5 in Transmutations
  4641 | Orc:1    | Noticed Snorg
  4652 | Orc:1    | Killed Snorg
  4653 | Orc:1    | Reached skill level 5 in Dodging
  4653 | Orc:1    | Reached XP level 12. HP: 33/91 MP: 23/28
  4716 | Orc:2    | Entered Level 2 of the Orcish Mines
  4728 | Orc:2    | Reached *** piety under Vehumet
  4868 | Orc:2    | Noticed an orc high priest
  4870 | Orc:2    | Noticed Saint Roka
  4870 | Orc:2    | Noticed an orc knight
  4877 | Orc:2    | Killed an orc high priest
  4881 | Orc:2    | Slain by an orc warrior

Illustrated notes

Levels and vault maps discovered:
D:1:      lightli_arrival_statuegarden, layout_loops_ring, serial_glass,
          glass_columns_a, glass_columns_b, glass_columns_a, glass_columns_c,
          ebering_ecumenical_altar_petrified, minmay_misc_feat_enclosed,
          minmay_strange_pillars
D:2:      layout_loops_corners, basic_altar, minmay_increasing_density,
          uniq_robin, uniq_sigmund
D:3:      layout_basic
D:4:      layout_gridville
D:5:      layout_rooms, nicolae_dithmenos_through_a_glass_darkly,
          lemuel_tele_altar, chequers_big_river, uniq_prince_ribbit1
D:6:      corexii_shantytown, layout_loops_ring,
          nicolae_qazlal_general_emergency, minmay_temple_entry_statues_pillars,
          uniq_duvessa
D:7:      layout_loops_corners, lemuel_crystal_altar,
          chequers_serial_rivers_micro_b, uniq_joseph, uniq_maggie
D:8:      layout_basic
D:9:      layout_irregular_city, nicolae_overflow_squiral, erik_orc_1,
          st_stairs_14
Temple:   nicolae_temple_great_sept
Orc:1:    layout_caves, basic_altar, nicolae_volcano_entry_hallway,
          nicolae_shop_vocational, uniq_snorg
Orc:2:    grunt_orc_cross, layout_caves, serial_shops, shop, mines5_lemuel

Skill      XL: |  1  2  3  4  5  6  7  8  9 10 11 12 |
---------------+-------------------------------------+-----
Ice Magic      | 5 6 7 9 10 11 | 11.7
Spellcasting   | 3 5 6 9 10 11 | 11.8
Conjurations   | 4 5 6 7 |  7.7
Dodging        | 3 4 5 |  5.8
Fighting       | 1 2 3 4 |  4.2
Long Blades    | 1 2 4 5 6 |  6.0
Evocations     | 1 3 |  3.0
Transmutations | 5 |  5.4
Stealth        | |  1.4

Action                   |  1- 3 |  4- 6 |  7- 9 | 10-12 || total
-------------------------+-------+-------+-------+-------++-------
Melee: Unarmed           |     4 |     1 |    14 |       ||    19
       Falchion          |       |       |    29 |    72 ||   101
       Punch             |       |       |       |     2 ||     2
 Cast: Freeze            |    30 |     9 |    37 |    24 ||   100
       Frozen Ramparts   |     2 |     3 |    37 |    19 ||    61
       Hailstorm         |       |     2 |    20 |    54 ||    76
       Blink             |       |       |       |     3 ||     3
       Irradiate         |       |       |       |     2 ||     2
Evoke: Wand              |       |       |       |     4 ||     4
  Use: Potion            |     1 |     1 |       |     1 ||     3
       Scroll            |       |     2 |     7 |     4 ||    13
Armor: Robe              |     8 |     4 |    15 |       ||    27
       Steam dragon scal |       |       |     5 |    66 ||    71
Dodge: Dodged            |    21 |     9 |    46 |    62 ||   138
Block: Other             |       |       |       |     7 ||     7
